 Dungeon Crawl Stone Soup version 0.22-a0-305-gd21a89c538 (webtiles) character file.

110 Oravi the Cutter (level 5, -7/30 HPs)
             Began as a Kobold Hunter on Mar 30, 2018.
             Killed by divine providence
             ... invoked by an orc priest
              (14 damage)
             ... on level 3 of the Dungeon.
             The game lasted 00:08:08 (1720 turns).

Oravi the Cutter (Kobold Hunter)                    Turns: 1720, Time: 00:08:09

Health: -7/30      AC:  3    Str: 11    XL:     5   Next: 14%
Magic:  5/5        EV: 14    Int: 12    God:
Gold:   175        SH:  0    Dex: 15    Spells: 4/4 levels left

rFire    . . .     SeeInvis .   a - +1 hand crossbow
rCold    . . .     Gourm    .   (shield restricted)
rNeg     . . .     Faith    .   c - +0 leather armour
rPois    +         Spirit   .   (no helmet)
rElec    .         Reflect  .   (no cloak)
rCorr    .         Harm     .   (no gloves)
MR       .....                  (no boots)
Stlth    ++........             (no amulet)
HPRegen  0.10/turn              i - ring of poison resistance
MPRegen  0.09/turn              j - ring of wizardry

@: no status effects
A: small, carnivore
a: no special abilities


You were on level 3 of the Dungeon.
You were completely stuffed.

You visited 1 branch of the dungeon, and saw 3 of its levels.

You collected 175 gold pieces.

Inventory:

Hand Weapons
 a - a +1 hand crossbow (weapon)
 b - a +0 short sword
Missiles
 d - 6 bolts (quivered)
Armour
 c - a +0 leather armour (worn)
Jewellery
 i - a ring of poison resistance (left hand)
 j - a ring of wizardry (right hand)
Scrolls
 e - a scroll of teleportation {unknown}
 g - a scroll of remove curse {unknown}
 h - a scroll of identify {unknown}
 l - a scroll of fog {unknown}
 q - a scroll of fear {unknown}
Potions
 k - 2 potions of curing
 o - a potion of magic {unknown}
 p - a potion of flight {unknown}
Comestibles
 f - 8 rations
 m - a chunk of flesh


   Skills:
 - Level 2.1 Fighting
 + Level 5.6 Short Blades
 - Level 5.0 Crossbows
 - Level 2.4 Dodging
 - Level 1.3 Stealth


You had 4 spell levels left.
You didn't know any spells.

Dungeon Overview and Level Annotations

Branches:
Dungeon (3/15)

Altars:
Uskayaw


Innate Abilities, Weirdness & Mutations

You are small and have problems with some larger weapons.
You are carnivorous and can eat meat at any time.


Message History

The orc priest is too close now for your liking.
Firing (i - inventory)
d - 8 bolts (quivered)
Press: ? - help, Shift-Dir - straight line, f - orc priest
Aim: an orc priest, wielding a war axe and wearing a leather armour You shoot a bolt.
The bolt hits the orc priest.
The orc priest is moderately wounded.
The orc priest invokes the aid of Beogh against you.
Beogh smites you!
Firing (i - inventory)
d - 7 bolts (quivered)
Press: ? - help, Shift-Dir - straight line, f/p - orc priest
Aim: an orc priest, wielding a war axe and wearing a leather armour (moderately wounded)
You shoot a bolt. The bolt barely misses the orc priest.
The orc priest looks satisfied for a moment.
The orc priest invokes the aid of Beogh against you.
Beogh smites you!
* * * LOW HITPOINT WARNING * * *
There is a stone staircase leading up here.
The orc priest mumbles some strange prayers to Beogh against you.
Beogh smites you!
You die...

.##### ..#
(....## #.#
...#..########
#.#
##...........#
#.#
####.o.o.o..#
#.#
#.######.##
#.# #.#
#.o###.# #.#
##..##.# ..#
##..@.### ###
####รท..#
##### . .# (##
.(. ...


You could see an orc priest and an orc.

Vanquished Creatures
  A hound (D:2)
  4 gnolls
  A worm (D:2)
  A dart slug (D:2)
  3 leopard geckos (D:1)
  An orc (D:3)
  5 bats
  A giant cockroach (D:1)
  3 goblins
  3 hobgoblins (D:1)
  4 jackals (D:1)
  A kobold (D:2)
  3 ball pythons (D:1)
  3 frilled lizards
34 creatures vanquished.

Notes
Turn   | Place    | Note
-------+----------+-------------------------------------------
     0 | D:1      | Oravi the Kobold Hunter began the quest for the Orb.
     0 | D:1      | Reached XP level 1. HP: 12/12 MP: 1/1
    11 | D:1      | Reached skill level 5 in Crossbows
    29 | D:1      | Reached skill level 1 in Short Blades
    80 | D:1      | Reached XP level 2. HP: 17/17 MP: 2/2
   336 | D:1      | Reached XP level 3. HP: 8/21 MP: 3/3
   726 | D:2      | Reached XP level 4. HP: 22/26 MP: 4/4
  1073 | D:2      | Found a hide-covered altar of Uskayaw.
  1417 | D:2      | HP: 1/26 [gnoll/club (8)]
  1430 | D:2      | Reached skill level 5 in Short Blades
  1463 | D:2      | Reached XP level 5. HP: 14/30 MP: 5/5
  1720 | D:3      | Killed from afar by an orc priest

Vault maps used:
D:1:      mushboom_english_gardens
D:2:      eat_drink_and_be_merry_uskayaw, first_ration
D:3:      small_statue_intersection, kennysheep_pointless_box

Skill      XL: |  1  2  3  4 |
---------------+-------------+-----
Crossbows      | 5 |  5.0
Short Blades   | 1 2 4 5 |  5.6
Fighting       | |  2.1
Dodging        | |  2.4
Stealth        | |  1.3

Action                   |  1- 3 |  4- 6 || total
-------------------------+-------+-------++-------
Melee: Short sword       |    50 |    33 ||    83
 Fire: Hand crossbow     |    25 |    19 ||    44
  Use: Potion            |     1 |     4 ||     5
 Stab: Sleeping          |     1 |       ||     1
       Invisible         |       |     4 ||     4
  Eat: Chunk             |     8 |     3 ||    11
Armor: Leather armour    |    14 |     7 ||    21
Dodge: Dodged            |    51 |    40 ||    91

Table legend:
 A = Spawn XP
 B = Non-spawn XP
 C = Spawn XP percentage of total XP
 D = Spawn monster count
 E = Non-spawn monster count
 F = Spawn count percentage of total count
 G = Total turns spent on level
                    A         B        C        D         E        F      G
               +---------+---------+-------+---------+---------+-------+---------
         Total |       0 |     158 |   0.0 |       0 |      34 |   0.0 |  1720
               +---------+---------+-------+---------+---------+-------+---------
           D:1 |       0 |      40 |   0.0 |       0 |      21 |   0.0 |   784
           D:2 |       0 |      97 |   0.0 |       0 |       9 |   0.0 |   854
           D:3 |       0 |      21 |   0.0 |       0 |       4 |   0.0 |    82
               +---------+---------+-------+---------+---------+-------+---------
